 Dungeon Crawl Stone Soup version 0.30.1 (webtiles) character file.

Game seed: 5540764001267767189

7045 Graphine the Cleaver (level 11, -4/95 HPs)
             Began as a Hill Orc Fighter on July 3, 2023.
             Was an Elder of Lugonu.
             Slain by an orc warrior
             ... wielding a +0 trident
             ... led by an orc warlord
              (12 damage)
             ... on level 1 of the Orcish Mines.
             The game lasted 00:18:51 (8814 turns).

Graphine the Cleaver (Hill Orc Fighter)             Turns: 8814, Time: 00:18:54

Health: -4/95      AC: 16    Str: 30    XL:     11   Next: 9%
Magic:  19/19      EV:  7    Int:  8    God:    Lugonu [****..]
Gold:   512        SH:  5    Dex: 10    Spells: 10/10 levels left

rFire   . . .        A - +0 broad axe (spect)
rCold   . . .        c - +0 buckler
rNeg    . . .        B - +0 plate armour
rPois   .            C - +0 helmet
rElec   .            N - +0 cloak
rCorr   .            (no gloves)
SInv    .            (no boots)
Will    +....        (no amulet) Stlth
                     l - +6 ring of strength
HPRegen 0.35/turn    t - ring of willpower
MPRegen 0.16/turn

%: no passive effects
@: mighty
A: no striking features
a: Renounce Religion, Convert to Beogh, Depart the Abyss, Banish, Corrupt


You were on level 1 of the Orcish Mines.
You worshipped Lugonu.
Lugonu was greatly pleased with you.
You visited 2 branches of the dungeon, and saw 10 of its levels.

You collected 692 gold pieces.
You spent 180 gold pieces at shops.

Inventory:

Hand Weapons
 k - a +1 dagger of venom
 A - a +0 spectral broad axe (weapon)
 D - a +5 trident
 E - a +1 war axe of venom
Missiles
 d - 3 curare-tipped darts
 p - 6 atropa-tipped darts
 u - 6 silver boomerangs (quivered)
Armour
 c - a +0 buckler (worn)
 B - a +0 plate armour (worn)
 C - a +0 helmet (worn)
 N - a +0 cloak (worn)
Jewellery
 e - a ring of flight
 l - a +6 ring of strength (left hand)
 o - a ring of protection from fire
 t - a ring of willpower (right hand)
 y - a ring of protection from cold
 F - a +5 ring of evasion
 L - a ring of willpower
Wands
 q - a wand of roots (20)
 H - a wand of acid (12)
Scrolls
 a - 5 scrolls of blinking
 j - 3 scrolls of fear
 v - a scroll of fog
 G - a scroll of butterflies
 K - 2 scrolls of enchant armour
 M - a scroll of teleportation
Potions
 f - 3 potions of flight
 g - 3 potions of invisibility
 h - a potion of might
 i - 2 potions of haste
 m - 3 potions of lignification
 n - 4 potions of curing
 r - 6 potions of heal wounds
 s - 2 potions of resistance
 w - a potion of attraction {unknown}
 x - a potion of ambrosia {unknown}
 z - 3 potions of brilliance
 I - a potion of mutation {unknown}


   Skills:
 + Level 8.4 Fighting
 * Level 12.0 Axes
 + Level 7.6 Armour
 + Level 7.8 Shields
 * Level 11.5 Invocations


You had 10 spell levels left.
You didn't know any spells.
Your spell library contained the following spells:

 Spells                   Type           Power      Damage    Failure   Level
 Freeze                   Ice            0%         1d3       99%         1
 Blink                    Tloc           0%         N/A       99%         2
 Lesser Beckoning         Tloc           0%         N/A       99%         2
 Momentum Strike          Conj/Tloc      0%         3d8       99%         2
 Poisonous Vapours        Pois/Air       0%         N/A       99%         2
 Frozen Ramparts          Ice            0%         1d1       100%        3
 Gell's Gravitas          Tloc           0%         N/A       100%        3
 Hailstorm                Conj/Ice       0%         3d3       100%        3
 Inner Flame              Hex/Fire       0%         N/A       100%        3
 Mephitic Cloud           Conj/Pois/Air  0%         N/A       100%        3
 Teleport Other           Tloc           0%         N/A       100%        3
 Cause Fear               Hex            0%         N/A       100%        4
 Freezing Cloud           Conj/Ice/Air   0%         6-21      100%        5
 Yara's Violent Unravell  Hex/Tmut       0%         3d3       100%        5
 Simulacrum               Ice/Necr       0%         N/A       100%        6
 Dragon Form              Tmut           0%         N/A       100%        7
 Enfeeble                 Hex            0%         N/A       100%        7
 Ozocubu's Refrigeration  Ice            0%         4d7       100%        7
 Dragon's Call            Summ           0%         N/A       100%        9
 Polar Vortex             Ice            0%         N/A       100%        9


Dungeon Overview and Level Annotations

Branches:
Dungeon (9/15)             Temple (0/1) D:5             Orc (1/2) D:9
   Lair: D:8-11

Altars:
Hepliaklqana
Nemelex Xobeh
Vehumet
Wu Jian
Lugonu

Shops:
D:6 (   D:7 !?   D:8 [   D:9 ([

Portals:
Abyss: D:1


Message History

Aim: an orc warrior, wielding a +0 flail, wearing a +0 chain mail and quivering boomerangs (blue smoke, severely wounded, strong, about 42% to evade your +0 spectral broad axe)
You hit the orc warrior.
The orc warrior is severely wounded.
You hit the orc.
Your +0 spectral broad axe hits the orc warrior!!
You kill the orc warrior!
Lugonu accepts your kill.
Your +0 spectral broad axe closely misses the orc.
You hear a shout! x3
The orc hits you but does no damage.
The orc warrior hits you from afar with a +0 trident!
* * * LOW HITPOINT WARNING * * *
Your Axes skill increases to level 12!
An orc priest comes into view. It is wielding a +0 whip.
Unknown command.
Cleave: A) +0 broad axe (spect)
Press: ? - help, Dir - move target, f - orc priest
Aim: an orc priest, wielding a +0 club and wearing a +0 chain mail (blue smoke, heavily wounded, strong, about 30% to evade your +0 spectral broad axe)
The orc priest shouts, "Surrender to Beogh and we'll let you live!"
The orc priest shouts, "Join the one true god or die!"
You slice the orc priest!!
You kill the orc priest!
Lugonu accepts your kill.
You closely miss the orc warrior.
The orc priest threatens, "By the altar or by the axe, you will meet Beogh!"
You hit the orc.
You kill the orc!
Lugonu accepts your kill.
You completely miss the orc.
Your +0 spectral broad axe hits the orc!!
You kill the orc!
Lugonu accepts your kill.
Your +0 spectral broad axe hits the orc warrior!
Your +0 spectral broad axe hits the orc sorcerer!
Your +0 spectral broad axe misses the orc warrior.
The orc warrior no longer looks unusually strong.
The orc warrior hits you with a +0 dire flail.
* * * LOW HITPOINT WARNING * * *
The orc warrior hits you from afar with a +0 trident!
You die...

..o .o....... ...##
#.......#
.....##.o.....# ..
....o..oo...o...
...#.......§....... .
..#.....§ooo§......
..# #.#....§o(§§.# ..
..........§)§@§### ...
..... #...§§§§§§.#....
......#...§§§§§.......
......)<)).§§.........
.......)......))......
.#.........#..........
###.....#####......#.
#...##.# #......# #..#
.## ##.....#


You could see an orc sorcerer (strong), 2 orc warriors, an orc priest, 3 orcs
and a friendly +0 spectral broad axe.

Vanquished Creatures
  An orc warlord (Orc:1)
  Pikel (D:7)
  A hornet (D:8)
  Prince Ribbit (D:8)
  Grinder (D:3)
  5 yaks (D:9)
  A wraith (D:9)
  2 wargs (Orc:1)
  2 water moccasins (D:8)
  7 orc warriors
  2 ice beasts
  A sky beast (D:6)
  2 black bears (D:6)
  4 ogres
  3 centaurs
  2 lemures (D:7)
  2 kobold brigands
  3 scorpions
  4 wights (D:7)
  9 killer bees (D:7)
  3 howler monkeys
  A jelly (D:5)
  2 crimson imps (D:1)
  3 hounds
  A quasit (D:1)
  7 orc priests
  4 iron imps (D:1)
  5 iguanas
  10 orc wizards
  4 gnolls (Orc:1)
  11 adders
  4 shadow imps
  3 white imps
  2 ufetubi (D:1)
  2 worms
  4 dart slugs
  36 orcs
  7 endoplasms
  5 giant cockroaches
  14 goblins
  5 hobgoblins
  5 jackals
  13 kobolds
  5 quokkas
  10 ball pythons
  7 bats
  5 frilled lizards
  6 rats
238 creatures vanquished.

Vanquished Creatures (others)
  A spectral weapon (Orc:1)
1 creature vanquished.

Grand Total: 239 creatures vanquished

Notes
Turn   | Place    | Note
-------+----------+-------------------------------------------
     0 | D:1      | Graphine the Hill Orc Fighter began the quest for the Orb.
     0 | D:1      | Reached XP level 1. HP: 19/19 MP: 1/1
    50 | D:1      | Reached skill level 3 in Axes
    50 | D:1      | Reached skill level 1 in Invocations
    52 | D:1      | Found a large runed translucent door.
    52 | D:1      | Found a large runed translucent door.
    52 | D:1      | Found a corrupted altar of Lugonu.
    52 | D:1      | Noticed an iron imp
    52 | D:1      | Noticed an iron imp
    53 | D:1      | Noticed an iron imp
    53 | D:1      | Noticed a crimson imp
    53 | D:1      | Noticed a quasit
    56 | D:1      | Noticed an iron imp
    59 | D:1      | Reached XP level 2. HP: 25/27 MP: 2/2
    63 | D:1      | Found a one-way gate to the infinite horrors of the Abyss.
    64 | D:1      | Noticed a crimson imp
    80 | D:1      | Reached XP level 3. HP: 22/33 MP: 2/4
    81 | D:1      | Reached XP level 4. HP: 18/40 MP: 2/5
    85 | D:1      | Reached skill level 4 in Axes
    87 | D:1      | Reached XP level 5. HP: 12/46 MP: 2/7
    96 | D:1      | Reached skill level 5 in Axes
    96 | D:1      | Reached XP level 6. HP: 6/53 MP: 4/8
   100 | D:1      | Became a worshipper of Lugonu the Unformed
  1073 | D:2      | Reached * piety under Lugonu
  1142 | D:2      | You fall into a shaft and drop 2 floors!
  1998 | D:3      | Reached ** piety under Lugonu
  2139 | D:3      | Noticed Grinder
  2145 | D:3      | Paralysed by Grinder for 2 turns
  2160 | D:3      | Killed Grinder
  2161 | D:3      | Reached skill level 5 in Invocations
  2161 | D:3      | Reached XP level 7. HP: 21/60 MP: 10/10
  2495 | D:3      | Reached skill level 5 in Fighting
  2722 | D:4      | Reached skill level 6 in Axes
  3003 | D:4      | Found a hazy altar of Hepliaklqana.
  3183 | D:5      | Entered Level 5 of the Dungeon
  3400 | D:5      | Reached XP level 8. HP: 54/69 MP: 12/12
  3417 | D:5      | Reached skill level 5 in Shields
  3693 | D:5      | Found a staircase to the Ecumenical Temple.
  3832 | D:5      | Found a radiant altar of Vehumet.
  3833 | D:5      | Found an ornate altar of the Wu Jian Council.
  3945 | D:5      | Reached skill level 7 in Axes
  3945 | D:5      | Reached skill level 5 in Armour
  4575 | D:6      | Found Cunudghowk's Weapon Shop.
  4581 | D:6      | Reached *** piety under Lugonu
  4730 | D:6      | Reached skill level 8 in Axes
  4784 | D:6      | Reached XP level 9. HP: 66/75 MP: 14/14
  5806 | D:7      | Found Cosorph's Distillery.
  5852 | D:7      | Found a sparkling altar of Nemelex Xobeh.
  5872 | D:7      | Reached skill level 9 in Axes
  6139 | D:7      | Noticed Pikel
  6152 | D:7      | Killed Pikel
  6675 | D:7      | Found Yblu's Magic Scroll Emporium.
  6679 | D:7      | Bought a scroll of enchant armour for 90 gold pieces
  6679 | D:7      | Bought a scroll of enchant armour for 90 gold pieces
  6847 | D:8      | Reached **** piety under Lugonu
  6871 | D:8      | Reached skill level 10 in Axes
  6871 | D:8      | Reached XP level 10. HP: 58/86 MP: 17/17
  7016 | D:8      | Noticed Prince Ribbit
  7024 | D:8      | Killed Prince Ribbit
  7028 | D:8      | Paralysed by a hornet for 3 turns
  7292 | D:8      | Reached skill level 10 in Invocations
  7375 | D:8      | Found Feamyepo's Armour Emporium.
  7990 | D:9      | Found Saecel's Weapon Emporium.
  8006 | D:9      | Found a staircase to the Orcish Mines.
  8007 | D:9      | Found Haex's Armour Emporium.
  8204 | D:9      | Reached skill level 11 in Axes
  8721 | Orc:1    | Entered Level 1 of the Orcish Mines
  8797 | Orc:1    | Noticed an orc warlord
  8807 | Orc:1    | Noticed an orc sorcerer
  8809 | Orc:1    | Noticed an orc sorcerer
  8810 | Orc:1    | Killed an orc warlord
  8811 | Orc:1    | Reached XP level 11. HP: 32/95 MP: 19/19
  8814 | Orc:1    | Reached skill level 12 in Axes
  8814 | Orc:1    | Slain by an orc warrior

Illustrated notes

Levels and vault maps discovered:
D:1:      erik_arrival_cave_to_civilisation [erik_arrival_cave_to_temple],
          layout_basic
D:2:      layout_rooms, minmay_pentomino_pile
D:3:      layout_basic, uniq_grinder
D:4:      layout_loops_ring, lemuel_coloured_pillars_altar
D:5:      layout_basic, mainiacjoe_overflow_large_starburst, temple_fountains,
          minmay_misc_feat_ornament
D:6:      layout_cave_pods, serial_shops, nicolae_shop_trees
D:7:      layout_loops_ring, mainiacjoe_overflow_tiny_flanked, serial_shops,
          nicolae_shop_rolling_square, nicolae_shop_stone, uniq_pikel
D:8:      layout_loops_ring, serial_shops, nicolae_shop_stone,
          uniq_prince_ribbit1
D:9:      layout_basic, orc_david_3, solitary_fountain
Orc:1:    layout_diamond_mine, serial_shops, shop

Skill      XL: |  1  2  3  4  5  6  7  8  9 10 11 |
---------------+----------------------------------+-----
Axes           | 3 4 5 6 8 10 11 12 | 12.0
Invocations    | 1 2 3 5 7 9 11 | 11.5
Fighting       | 4 5 6 7 8 |  8.4
Armour         | 4 5 6 7 |  7.6
Shields        | 4 5 6 7 |  7.8

Action                     |  1- 3 |  4- 6 |  7- 9 | 10-12 || total
---------------------------+-------+-------+-------+-------++-------
  Melee: War axe           |    23 |   160 |    31 |       ||   214
         Broad axe         |       |    14 |   264 |    96 ||   374
  Throw: Boomerang         |       |    10 |     6 |       ||    16
  Evoke: Wand              |       |     1 |       |       ||     1
    Use: Potion            |     1 |     1 |       |     3 ||     5
         Scroll            |       |     2 |    14 |     5 ||    21
   Stab: Distracted        |       |       |     1 |     1 ||     2
 Armour: Scale mail        |    20 |    80 |     4 |       ||   104
         Skin              |       |     5 |       |       ||     5
         Plate armour      |       |       |   199 |    50 ||   249
  Dodge: Dodged            |    19 |    85 |    66 |    31 ||   201
  Block: Buckler           |    12 |    45 |    72 |    31 ||   160
